 Dungeon Crawl Stone Soup version 0.30-a0-1016-gfb0d676c02 (webtiles) character file.

Game seed: 10708979281256950811

270 DeathPants the Insei (level 6, -1/69 HPs)
             Began as a Demonspawn Transmuter on Apr 6, 2023.
             Was an Initiate of Gozag.
             Slain by a sleepcap (4 damage)
             ... on level 4 of the Dungeon.
             The game lasted 00:08:59 (2511 turns).

DeathPants the Insei (Demonspawn Transmuter)        Turns: 2511, Time: 00:08:59

Health: -1/69      AC: 23    Str: 13    XL:     6   Next: 1%
Magic:  9/10       EV:  2    Int: 14    God:    Gozag
Gold:   125        SH:  0    Dex: 13    Spells: 10/11 levels left

rFire   . . .      SeeInvis .      - Unarmed
rCold   . . .      Faith    .    (no shield)
rNeg    . . .      Spirit   .    a - melded +0 robe
rPois   +          Reflect  .    (helmet currently unavailable)
rElec   .          Rampage  .    (cloak currently unavailable)
rCorr   .          NoTele   +    (gloves currently unavailable)
Will    +....                    h - melded +0 pair of boots
Stlth   +                        (no amulet)
HPRegen 0.31/turn                g - ring of willpower
MPRegen 0.12/turn                (no ring)

@: tree-form, gold aura
A: stationary, stasis, torment immunity, boosted hp, (claws 1), (molten scales
1), powered by death 1
a: Renounce Religion, Potion Petition, Call Merchant, Bribe Branch


You were on level 4 of the Dungeon.
You worshipped Gozag.
Gozag was aware of your devotion.
You were a tree.
You visited 1 branch of the dungeon, and saw 5 of its levels.

You collected 216 gold pieces.
You paid 91 gold pieces to Gozag.

Inventory:

Missiles
 f - 2 boomerangs
 i - 3 curare-tipped darts
Armour
 a - a +0 robe (melded)
 h - a +0 pair of boots (melded)
Jewellery
 g - a ring of willpower (left branch)
Wands
 l - a wand of flame (15)
 m - a wand of charming (6)
Scrolls
 c - a scroll of identify
 e - a scroll of vulnerability
 j - 2 scrolls of enchant weapon
Potions
 b - a potion of lignification
 d - 2 potions of attraction
 k - a potion of flight


   Skills:
 + Level 2.7 Fighting
 + Level 2.9 Dodging
 + Level 3.6 Unarmed Combat
 - Level 3.0 Spellcasting
 + Level 3.0 Transmutations


You had 10 spell levels left.
You knew the following spells:

 Your Spells              Type           Power      Damage    Failure   Level
a - Beastly Appendage     Tmut           20%        N/A       6%          1

Your spell library contained the following spells:

 Spells                   Type           Power      Damage    Failure   Level
 Wereblood                Tmut           10%        N/A       10%         2
 Spider Form              Tmut/Pois      6%         N/A       34%         3
 Ice Form                 Ice/Tmut       6%         N/A       75%         4


Dungeon Overview and Level Annotations

Branches:
Dungeon (5/15)
 Temple: D:4-7

Altars:
Gozag
Qazlal
Ru
Uskayaw

Annotations:
D:3 Grinder, Sigmund
D:4 Dowan, Duvessa


Innate Abilities, Weirdness & Mutations

You are a tree.
Your roots penetrate the ground, keeping you stationary.
You cannot be teleported.
You are immune to unholy pain and torment.
Your maximum health is greatly increased.
Your equipment is partially melded.
((You have sharp fingernails.))
((You are partially covered in molten scales. (AC +2)))
You regenerate a little health from kills.


Message History

The sleepcap releases spores at you.
You scratch the sleepcap but do no damage.
You claw the sleepcap.
The sleepcap is lightly damaged.
Dowan gestures at Duvessa while chanting.
Duvessa seems to speed up.
The sleepcap releases spores at you.
You are engulfed in a cloud of soporific spores!
You fall asleep.
Dowan casts a spell.
Dowan blinks!
The sleepcap barely misses you. The sleepcap barely misses you.
The sleepcap releases spores at you!
You wake up.
* * * LOW HITPOINT WARNING * * *
You are engulfed in a cloud of soporific spores!
You are unaffected.
You scratch the sleepcap but do no damage.
You headbutt the sleepcap!
The sleepcap is heavily damaged.
The sleepcap closely misses you.
You claw the sleepcap!
The sleepcap is almost destroyed.
Your horns disappear.
Your talons disappear.
Your +0 pair of boots unmelds from your body.
The sleepcap releases spores at you.
* * * LOW HITPOINT WARNING * * *
You scratch the sleepcap but do no damage.
The sleepcap is almost destroyed.
The sleepcap misses you.
Okay, then.
Really quaff the potion of lignification?
You turn into a tree.
Your +0 pair of boots melds into your body.
Your +0 robe melds into your body.
Your roots penetrate the ground.
The sleepcap releases spores at you.
* * * LOW HITPOINT WARNING * * *
You completely miss the sleepcap.
The sleepcap is almost destroyed.
The sleepcap releases spores at you.
You die...
Your body crumbles into a pile of gold.

##################
#######.................
...........#############
#.......##.#
#.#####.##.# ### #♣##.#
... #f##.# ### #g#...
#...Ke#..# #..#e##..# #.
.. .. ?.. .. g... .
g....


You could see Duvessa (fast), a sleepcap, Dowan, a gnoll and a kobold.

Vanquished Creatures
  A centaur (D:5)
  An orc priest (D:4)
  2 orc wizards (D:4)
  3 gnolls (D:4)
  An adder (D:2)
  2 worms (D:2)
  3 dart slugs
  3 orcs
  7 bats
  5 endoplasms
  3 giant cockroaches
  6 hobgoblins
  5 kobolds
  3 quokkas (D:1)
  2 ball pythons (D:2)
  A frilled lizard (D:1)
  7 goblins
  2 rats
57 creatures vanquished.

Vanquished Creatures (others)
  4 fungi
  10 plants
  3 toadstools (D:1)
17 creatures vanquished.

Grand Total: 74 creatures vanquished

Notes
Turn   | Place    | Note
-------+----------+-------------------------------------------
     0 | D:1      | DeathPants the Demonspawn Transmuter began the quest for
                  | the Orb.
     0 | D:1      | Reached XP level 1. HP: 15/15 MP: 3/3
   161 | D:1      | Gained mutation: You are partially covered in molten
                  | scales. (AC +2) [demonic ancestry]
   161 | D:1      | Reached XP level 2. HP: 21/21 MP: 3/5
   561 | D:1      | Reached XP level 3. HP: 26/26 MP: 4/6
  1021 | D:2      | Found a stormy altar of Qazlal.
  1231 | D:3      | Noticed Sigmund
  1232 | D:3      | Noticed Grinder
  1490 | D:2      | Found a faded altar of an unknown god.
  1881 | D:2      | Gained mutation: You have sharp fingernails. [demonic
                  | ancestry]
  1881 | D:2      | Reached XP level 4. HP: 25/33 MP: 4/7
  2028 | D:4      | Found a sacrificial altar of Ru.
  2070 | D:4      | Found a hide-covered altar of Uskayaw.
  2076 | D:4      | Found an opulent altar of Gozag.
  2085 | D:4      | Became a worshipper of Gozag Ym Sagoz the Greedy
  2139 | D:5      | Entered Level 5 of the Dungeon
  2142 | D:5      | Noticed a centaur
  2155 | D:5      | Killed a centaur
  2156 | D:5      | Gained mutation: You regenerate a little health from kills.
                  | [demonic ancestry]
  2156 | D:5      | Reached XP level 5. HP: 3/38 MP: 7/9
  2451 | D:4      | Noticed Duvessa
  2456 | D:4      | Noticed Dowan
  2500 | D:4      | Reached XP level 6. HP: 21/46 MP: 8/10
  2510 | D:4      | HP: 3/69 [sleepcap (3)]
  2511 | D:4      | Slain by a sleepcap

Illustrated notes

Levels and vault maps discovered:
D:1:      co_arrival_random_square_maze, layout_loops_ring,
          minmay_gold_behind_fungi
D:2:      minmay_alternating_diamond, layout_basic,
          shapermc_ecumenical_altar_mp_urbaneastern, basic_altar
D:3:      layout_basic, dk_noncrumbling_4, uniq_grinder, uniq_sigmund,
          uniq_natasha
D:4:      layout_loops_ring, nicolae_hepliaklqana_hazy_memory,
          mainiacjoe_overflow_large_starburst, nicolae_ru_the_path_less_chosen,
          uniq_duvessa
D:5:      layout_rooms, gammafunk_ghost_nasty_kobolds, st_stairs_10

Skill      XL: |  1  2  3  4  5 |
---------------+----------------+-----
Dodging        | 2 |  2.9
Transmutations | 2 3 |  3.0
Unarmed Combat | 3 |  3.6
Fighting       | 2 |  2.7
Spellcasting   | 3 |  3.0

Action                     |  1- 3 |  4- 6 || total
---------------------------+-------+-------++-------
  Melee: Unarmed           |   125 |    66 ||   191
         Kick              |    30 |     9 ||    39
         Headbutt          |    16 |     5 ||    21
         Punch             |     2 |     4 ||     6
   Cast: Beastly Appendage |    27 |     3 ||    30
  Evoke: Wand              |       |     2 ||     2
    Use: Scroll            |     5 |     3 ||     8
         Potion            |       |     2 ||     2
   Stab: Sleeping          |     2 |       ||     2
 Armour: Robe              |    34 |    14 ||    48
         Skin              |       |    17 ||    17
  Dodge: Dodged            |    88 |    23 ||   111

Table legend: (Time is in decaauts)
 A = Elapsed time spent in this place.
 B = Non-inter-level travel time spent in this place.
 C = Inter-level travel time spent in this place.
 D = Time resting spent in this place.
 E = Time spent auto-exploring this place.
 F = Levels seen in this place.
 G = Mean time per level.
                   A        B        C        D        E       F      G
               +--------+--------+--------+--------+--------+-----+--------+
         Total |   2502 |   2387 |    115 |    232 |   1564 |   5 |  500.4 |
       Dungeon |   2502 |   2387 |    115 |    232 |   1564 |   5 |  500.4 |
               +--------+--------+--------+--------+--------+-----+--------+

Top non-repeatable levels by time:
     D:1: 977 daAuts
     D:2: 933 daAuts
     D:4: 446 daAuts
     D:3: 108 daAuts
     D:5: 36 daAuts
